 Dungeon Crawl Stone Soup version 0.26-a0-1164-g1a551d6a14 (webtiles) character file.

Game seed: 16666531851258144928

1 night the Chiller (level 1, -2/13 HPs)
             Began as a Demonspawn Ice Elementalist on Dec 23, 2020.
             Slain by a jackal (3 damage)
             ... on level 1 of the Dungeon.
             The game lasted 00:00:40 (111 turns).

night the Chiller (Demonspawn Ice Elementalist)      Turns: 111, Time: 00:00:41

Health: -2/13      AC:  2    Str:  8    XL:     1   Next: 16%
Magic:  2/3        EV: 12    Int: 16    God:
Gold:   0          SH:  0    Dex: 13    Spells: 3/4 levels left

rFire    . . .     SeeInvis .   (no weapon)
rCold    . . .     Faith    .   (no shield)
rNeg     . . .     Spirit   .   a - +0 robe
rPois    .         Reflect  .   (no helmet)
rElec    .         Harm     .   (no cloak)
rCorr    .         Rampage  .   (no gloves)
Will     .....                  (no boots)
Stlth    ++........             (no amulet)
HPRegen  0.04/turn              (no ring)
MPRegen  0.08/turn              (no ring)

@: no status effects
A: no striking features
a: no special abilities


You were on level 1 of the Dungeon.
You visited 1 branch of the dungeon, and saw 1 of its levels.

Inventory:

Armour
 a - a +0 robe (worn)


   Skills:
 + Level 0.1 Fighting
 - Level 1.7 Dodging
 - Level 1.7 Stealth
 + Level 2.0 Spellcasting
 + Level 3.6 Ice Magic


You had 3 spell levels left.
You knew the following spells:

 Your Spells              Type           Power        Failure   Level
a - Freeze                Ice            52%          4%          1

Your spell library contained the following spells:

 Spells                   Type           Power        Failure   Level
 Frozen Ramparts          Ice            26%          14%         3
 Ozocubu's Armour         Ice            13%          14%         3
 Hailstorm                Conj/Ice       7%           69%         4
 Summon Ice Beast         Ice/Summ       7%           69%         4


Dungeon Overview and Level Annotations

Branches:
Dungeon (1/15)

Altars:


Message History

As you read the scroll labelled ROUVECOEFI, it crumbles to dust.
It is a scroll of identify.
You don't have any unidentified items.
The jackal bites you but does no damage.
The jackal bites you but does no damage.
The jackal closely misses you. The jackal bites you.
* * * LOW HITPOINT WARNING * * *
The jackal bites you.
* * * LOW HITPOINT WARNING * * *
The jackal closely misses you.
Casting: Freeze (safe; 4% risk of failure)
Confirm with . or Enter, or press ? or * to list all spells.
Aiming: Freeze (safe; 4% risk of failure)
Press: ? - help, Shift-Dir - straight line, f - jackal
Aim: a jackal You freeze the jackal.
The jackal is severely wounded.
The jackal closely misses you. The jackal bites you.
You die...

#.#####.#...PP♣♣♣ #
#.[....w....P. #######.....P.
#h#..... ###### #§#)....
♣♣♣♣....♣♣ #§§.....
#♣♣........♣♣## #§#.##..
..............♣#### #h#§##..
...♣♣#'''#♣♣....@h♣♣######h§§....
.♣♣###...###♣...hh.....§w§§#####.
♣♣ #.......##♣♣♣........§###
####..8.8..# ♣♣♣.......#
#..#.......# ♣♣....♣♣#
...'.8...8.# ♣♣...♣♣ ...#...⌠...#
♣.....♣ <..#.8.....+ ♣♣..♣♣#
...#.......# ♣♣♣♣


You could see 3 jackals.

Vanquished Creatures
  A hobgoblin (D:1)
1 creature vanquished.

Notes
Turn   | Place    | Note
-------+----------+-------------------------------------------
     0 | D:1      | night the Demonspawn Ice Elementalist began the quest for
                  | the Orb.
     0 | D:1      | Reached XP level 1. HP: 13/13 MP: 3/3
   110 | D:1      | HP: 1/13 [jackal (2)]
   111 | D:1      | Slain by a jackal

Illustrated notes

Levels and vault maps discovered:
D:1:      sevenhm_arrival_forest_fort_large_2, layout_basic, serial_forest,
          infiniplex_forest_clump_diagonal, infiniplex_forest_clump_medium,
          infiniplex_forest_lined_room_2, infiniplex_forest_end_3,
          infiniplex_forest_clump_tiny, minmay_worlds_worst_comb

Action                   || total
-------------------------++-------
 Cast: Freeze            ||     2
  Use: Scroll            ||     2
Armor: Robe              ||     4
Dodge: Dodged            ||     6

Table legend: (Time is in decaauts)
 A = Elapsed time spent in this place.
 B = Non-inter-level travel time spent in this place.
 C = Inter-level travel time spent in this place.
 D = Time resting spent in this place.
 E = Time spent auto-exploring this place.
 F = Levels seen in this place.
 G = Mean time per level.
                   A        B        C        D        E       F      G
               +--------+--------+--------+--------+--------+-----+--------+
         Total |    111 |    111 |      0 |     23 |     51 |   1 |  111.0 |
       Dungeon |    111 |    111 |      0 |     23 |     51 |   1 |  111.0 |
               +--------+--------+--------+--------+--------+-----+--------+

Top non-repeatable levels by time:
     D:1: 111 daAuts
